cohdb
Replays
Latest Replays
All Replays
Popular Replays
Top Player Replays
Match Explorer
How It Works
Community
CoH3 Stats
Reddit
Sign in to upload your games and track your stats! β
Sign in with Steam
Match 31817813
Unlisted
Match 31817813
Overview
Messages
Build Orders
End
Panzergrenadier Squad
250 Light Carrier
Construct Light Support Kompanie
MG34 Team
Combat Half-tracks
Fire Support Elements
Construct Mechanized Kompanie
Veteran Squad Leaders
Advanced Field Repairs
Pak 38 Mechanized Group
Tungsten Core Ammunition
2.5-tonne Medical Truck
Panzergrenadier Squad
Selects Battlefield Espionage Battlegroup
Selects Intel Disruption Beacon
Selects 250/3 Funkpanzerwagen
Construct Panzerarmee Kommand
MG34 Team
Assault Mechanized Group
Armored Reserves
Rapid Advance
Selects Plunder
Selects Advanced Ambush Training
Panzer IV Assault Group
Emergency Repair Kits
Selects Plunder
Selects Plunder
Selects Firestorm
Firestorm
Panzer III L Medium Tank
βπ·πFerkaπβπΈ
n00b
luemarc
Jirik sempai
Wise Walrus
TastyNebula
balabre
gUi
0
0
Comments
sign in to comment!
No comments posted yet!